Unix NetHack Version 5.0.0-0 post-release - last build May  4 2026 22:22:43 (774f63e81ad911689b3a0859ea89b322d5daca8d,branch:main).

Game began 2026-05-10 16:22:56, ended 2026-05-10 16:38:19.

Ackbladder, lawful female dwarven Valkyrie

                          ------------
                          |..........|
                          |......d...|
                          |......@..)+
                          -------.----

Ackbladder the Fighter      St:18/04 Dx:9 Co:18 In:9 Wi:8 Ch:9  Lawful
Dlvl:7  $:182 HP:0(64) Pw:6(6) AC:0  Xp:6 T:3442  Burdened

Latest messages:
 You hear someone counting gold coins.
 You see here 6 gold pieces.
 You have a little trouble lifting $ - 6 gold pieces (176 in total).
 You fall down the stairs.
 You climb up the stairs.
 The massive hammer hits!  Lightning strikes the monkey!
 The monkey misses!
 The monkey misses!
 The massive hammer hits!  Lightning strikes the monkey!
 You kill the monkey!
 You see here 6 gold pieces.
 You have a little trouble lifting $ - 6 gold pieces (182 in total).
 The black unicorn butts!
 The black unicorn kicks!
 The black unicorn butts!
 The black unicorn kicks!
 You miss the black unicorn.
 The black unicorn just misses!
 The black unicorn just misses!
 The black unicorn butts!
 The black unicorn kicks!
 The black unicorn butts!
 The black unicorn kicks!
 The black unicorn butts!
 The black unicorn misses!
 You hear the splashing of a naiad.
 You hear the footsteps of a guard on patrol.
 The homunculus misses!
 You miss the homunculus.
 The homunculus misses!
 The homunculus misses!
 You miss the homunculus.
 The homunculus misses!
 The massive hammer hits!  Lightning strikes the homunculus!
 The homunculus bites!
 You are put to sleep by the homunculus!
 You wake up.
 The massive hammer hits!  Lightning strikes the homunculus!
 You kill the homunculus!
 You hear the footsteps of a guard on patrol.
 You fall down the stairs.
 The wolf bites!
 The wolf just misses!
 What do you want to throw? [$abegjopNV or ?*] d
 In what direction? 8
 The food ration misses the wolf.
 The wolf bites!
 You die...
 Do you want your possessions identified? [ynq] (y) y
 Do you want to see your attributes? [ynq] (y) q

Inventory:
 Coins    ('$')
  $ - 182 gold pieces
 Weapons  (')')
  N - 6 blessed +0 arrows
  e - 17 +0 arrows
  o - a +0 dart
  p - 10 cursed -1 darts
  j - 3 poisoned +1 darts
  b - a +0 dagger (alternate weapon; not wielded)
  V - a cursed -2 dagger
  a - a +1 dwarvish spear
  F - the rustproof +0 Mjollnir (weapon in right hand)
  g - a +0 scimitar
 Armor    ('[')
  y - an uncursed +0 orcish helm
  H - an uncursed +0 pair of gauntlets of power
  k - an uncursed +0 orcish shield
  c - an uncursed +3 small shield (being worn)
  s - an uncursed +0 dwarvish mithril-coat (being worn)
  r - an uncursed +0 studded leather armor
 Comestibles  ('%')
  d - 4 uncursed food rations
 Scrolls  ('?')
  i - a blessed scroll of amnesia
  L - an uncursed scroll of create monster
  l - 3 uncursed scrolls of enchant weapon
  X - a blessed scroll of identify
  m - 2 uncursed scrolls of identify
  Y - an uncursed scroll of magic mapping
  I - an uncursed scroll of scare monster
  C - an uncursed scroll of taming
 Spellbooks  ('+')
  Z - an uncursed spellbook of healing
  K - an uncursed spellbook of invisibility
  u - an uncursed spellbook of turn undead
 Potions  ('!')
  U - an uncursed potion of gain ability
  J - a cursed potion of healing
  P - an uncursed potion of monster detection
  T - an uncursed potion of object detection
  v - an uncursed potion of restore ability
  Q - a blessed potion of speed
  W - 2 uncursed potions of water
 Rings    ('=')
  z - an uncursed ring of fire resistance
  M - a cursed -1 ring of increase damage
  G - an uncursed ring of protection from shape changers
  x - a cursed ring of teleportation
 Wands    ('/')
  R - a wand of digging (0:7)
  S - a wand of digging (0:7)
  n - a wand of light (0:13)
  q - a wand of magic missile (0:7)
  A - a wand of speed monster (0:4)
 Tools    ('(')
  w - an uncursed blindfold
  h - a cursed brass lantern
  O - a cursed mirror
  t - an uncursed skeleton key
  f - a cursed tin whistle

Ackbladder the Valkyrie's attributes:

Background:
 You were a Fighter, a level 6 dwarven Valkyrie.
 You were lawful, on a mission for Tyr
 who was opposed by Odin (neutral) and Loki (chaotic).
 You were right-handed.
 You were in the Dungeons of Doom, on level 7.
 You entered the dungeon 3442 turns ago.
 You had 531 experience points, 109 more were needed to attain level 7.

Basics:
 You had 0 out of 64 hit points.
 You had all 6 energy points (spell power).
 Your armor class was 0.
 Your wallet contained 182 zorkmids.
 Autopickup was off.

Final Characteristics:
 Your strength was 18/04 (limit:18/100).
 Your dexterity was 9 (limit:20).
 Your constitution was 18 (limit:20).
 Your intelligence was 9 (limit:16).
 Your wisdom was 8 (limit:16).
 Your charisma was 9 (limit:16).

Final Status:
 You weren't hungry.
 You were burdened; movement was slightly slowed.
 You were wielding a hammer.
 You had basic skill with hammer.

Final Attributes:
 You were piously aligned.
 You were cold resistant.
 You had infravision.
 You were stealthy.
 You were guarded.
 You are dead.

Miscellaneous:
 You didn't encounter any bones levels.
 Total elapsed playing time was 15 minutes and 22 seconds.

Major events:
 Turn
    1: Ackbladder the lawful dwarven Valkyrie entered the dungeon
  641: entered the Gnomish Mines
  664: reached Mine Town
 1335: attained the rank of Skirmisher (level 3)
 1668: was bestowed with Mjollnir by Tyr
 3097: attained the rank of Fighter (level 6)
 3442: killed by a wolf

You didn't know any spells.

Skills:
 Fighting Skills
   bare handed combat [Unskilled]
   two weapon combat  [Unskilled]
   riding             [Unskilled]
 Weapon Skills
   dagger             [Basic]
   axe                [Unskilled]
   pick-axe           [Unskilled]
   short sword        [Unskilled]
   broadsword         [Unskilled]
   long sword         [Unskilled]
   two-handed sword   [Unskilled]
   saber              [Unskilled]
   hammer             [Basic]
   quarterstaff       [Unskilled]
   polearms           [Unskilled]
   spear              [Basic]
   trident            [Unskilled]
   lance              [Unskilled]
   sling              [Unskilled]
 Spellcasting Skills
   attack spells      [Unskilled]
   escape spells      [Unskilled]

Voluntary challenges:
 Character rerolling was not enabled.
 You never genocided any monsters.
 You never polymorphed an object.
 You never changed form.
 You used no wishes.
Achievements:
 You entered a shop.
 You entered the Gnomish Mines.
 You entered Minetown.
 You attained the rank of Skirmisher.
 You attained the rank of Fighter.

 The Dungeons of Doom: levels 1 to 7
    Level 1:
       An altar to Tyr.
    Level 2:
       A ring shop, a grave.
       Stairs down to The Gnomish Mines.
    Level 3:
    Level 4:
       A fountain.
    Level 5:
       Many fountains.
    Level 6:
       A fountain.
    Level 7: <- You were here.
       Final resting place for
          you, killed by a wolf.
 The Gnomish Mines: levels 3 to 5
    Level 3:
    Level 4:
    Level 5:


Vanquished creatures:
  a wolf
  2 human zombies
 an imp
 11 Mordor orcs
 an elf zombie
  2 giant ants
  a little dog
  3 homunculi
  a kobold shaman
  5 hill orcs
  a monkey
  3 orc zombies
  2 dwarf zombies
  2 iguanas
  a coyote
  a gas spore
  a large kobold
  2 cave spiders
  a brown mold
  a gecko
  5 jackals
  2 kobolds
  2 goblins
  5 grid bugs
  5 lichens
  6 newts
68 creatures vanquished.

No species were genocided or became extinct.

Game over:
                       ----------
                      /          \
                     /    REST    \
                    /      IN      \
                   /     PEACE      \
                  /                  \
                  |    Ackbladder    |
                  |      182 Au      |
                  | killed by a wolf |
                  |                  |
                  |                  |
                  |                  |
                  |       2026       |
                 *|     *  *  *      | *
        _________)/\\_//(\/(/\)/\//\/|_)_______

Farvel Ackbladder the Valkyrie...

You died in The Dungeons of Doom on dungeon level 7 with 2598 points,
and 182 pieces of gold, after 3442 moves.
You were level 6 with a maximum of 64 hit points when you died.

